 Dungeon Crawl Stone Soup version 0.15-a0-123-geffbfde (webtiles) character file.

356 Kae the Cudgeler (level 5, -9/45 HPs)
             Began as a Minotaur Fighter on Apr 11, 2014.
             Mangled by an ogre
             ... wielding a +0,+0 giant club
              (18 damage)
             ... on Level 5 of the Dungeon.
             The game lasted 00:03:49 (3054 turns).

Kae the Cudgeler (Minotaur Fighter)                 Turns: 3054, Time: 00:03:50

HP  -9/45        AC  6     Str 21      XL: 5   Next: 88%
MP   2/2         EV  6     Int  6      God:
Gold 105         SH 18     Dex  9      Spells:  0 memorised,  4 levels left

rFire  . . .     SeeInvis .     a - +0,+1 flail
rCold  . . .     Clarity  .     b - +0 scale mail
rNeg   . . .     Conserve .     c - +0 shield
rPois  .         rCorr    .     (helmet restricted)
rElec  .         rRot     .     (no cloak)
SustAb . .       Spirit   .     (no gloves)
rMut   .         Warding  .     (no boots)
Saprov . . .     Stasis   +     p - amulet of stasis
MR     .....                    (no ring)
                                (no ring)

@: not resistant to hostile enchantments, extremely unstealthy
A: retaliatory headbutt, horns 2
a: no special abilities


You were on level 5 of the Dungeon.
You were hungry.

You visited 1 branch of the dungeon, and saw 5 of its levels.

You collected 105 gold pieces.

Inventory:

Hand weapons
 a - a +0,+1 flail (weapon)
Armour
 b - a +0 scale mail (worn)
 c - a +0 shield (worn)
Magical devices
 n - a wand of frost (17)
Comestibles
 d - 3 bread rations
 j - an apricot
 l - a meat ration
 r - 14 strawberries
Scrolls
 e - a scroll of teleportation
 f - 2 scrolls of noise
 g - 3 scrolls of remove curse
 k - 2 scrolls of recharging
 o - 5 scrolls of identify
 t - a scroll of fear {unknown}
Jewellery
 p - an amulet of stasis (around neck)
Potions
 h - 2 potions of agility
 i - 3 potions of curing {unknown}
 m - a potion of magic {unknown}
 q - 3 potions of heal wounds
 u - a potion of mutation {unknown}
 v - a potion of lignification {unknown}


   Skills:
 - Level 3.6 Fighting
 + Level 7.5 Maces & Flails
 - Level 3.6 Armour
 - Level 3.6 Shields


You had 4 spell levels left.
You didn't know any spells.

Dungeon Overview and Level Annotations

Branches:
Dungeon (5/15)
 Temple: D:4-7

Altars:


Innate Abilities, Weirdness & Mutations

You reflexively headbutt those who attack you in melee.
You have a pair of horns on your head.


Message History

You sock the ogre!
The ogre is heavily wounded.
The ogre hits you with a giant club!
* * * LOW HITPOINT WARNING * * *
You are too injured to fight recklessly!
You are too injured to fight recklessly!
You are too injured to fight recklessly!
You hit the ogre.
The ogre is heavily wounded.
You block the ogre's attack.
You hit the ogre. You headbutt the ogre!
The ogre is almost dead.
You hit the ogre.
The ogre is almost dead.
The ogre hits you with a giant club.
* * * LOW HITPOINT WARNING * * *
Your shield and scale mail prevent you from hitting the ogre.
The ogre is almost dead.
The ogre hits you with a giant club!
You die...

. .......
..##....... .
......... . ...
.......#... .....
........#.
##.#.##.#......#
...............##
.....>...........#
#..#..#@O.....#..
... ###.#.#.# . .
..... ##.#.# .# #
... . ... ! ....
.... #...


You could see an ogre.

Vanquished Creatures
  2 orc wizards (D:4)
  A worker ant (D:4)
  Ijyb (D:3)
  An ogre skeleton (D:4)
  4 adders
  3 worms
  4 giant geckos
  5 orcs
  11 goblins
  11 hobgoblins
  A ball python (D:2)
  11 bats
  2 giant cockroaches (D:1)
  5 giant newts
  5 jackals
  7 kobolds
  An orc skeleton (D:4)
  3 quokkas
  8 rats
  A rat skeleton (D:4)
87 creatures vanquished.

Notes
Turn   | Place    | Note
--------------------------------------------------------------
     0 | D:1      | Kae, the Minotaur Fighter, began the quest for the Orb.
     0 | D:1      | Reached XP level 1. HP: 19/19 MP: 1/1
   338 | D:1      | Reached XP level 2. HP: 26/26 MP: 1/1
   558 | D:1      | Reached skill level 4 in Maces & Flails
   947 | D:2      | Reached XP level 3. HP: 26/31 MP: 2/2
  1420 | D:2      | Reached skill level 5 in Maces & Flails
  1699 | D:3      | Reached XP level 4. HP: 39/39 MP: 2/2
  1705 | D:3      | Noticed Ijyb
  1712 | D:3      | Killed Ijyb
  2039 | D:4      | Reached skill level 6 in Maces & Flails
  2189 | D:4      | Reached XP level 5. HP: 32/45 MP: 2/2
  2361 | D:4      | Reached skill level 7 in Maces & Flails
  2870 | D:5      | Entered Level 5 of the Dungeon
  3044 | D:5      | Noticed an ogre
  3054 | D:5      | Mangled by an ogre

Action                   |  1- 3 |  4- 6 || total
-------------------------+-------+-------++-------
Melee: Flail             |   123 |    94 ||   217
Evoke: Wand              |       |     1 ||     1
  Use: Scroll            |       |     6 ||     6
       Potion            |       |     2 ||     2
